 Dungeon Crawl Stone Soup version 0.31-a0-358-gac0dbeb3ab (webtiles) character file.

Game seed: 4153976067685976414

509 LustLizard the Ruffian (level 7, 0/45 HPs)
             Began as an Octopode Shapeshifter on July 25, 2023.
             Slain by a troll (13 damage)
             ... on level 5 of the Dungeon.
             The game lasted 00:08:42 (4657 turns).

LustLizard the Ruffian (Octopode Shapeshifter)      Turns: 4657, Time: 00:08:42

Health: 0/45       AC:  1    Str: 14    XL:     7   Next: 19%
Magic:  4/7        EV: 13    Int: 15    God:
Gold:   294        SH:  0    Dex: 12    Spells: 5/6 levels left

rFire   . .          .
                       - Unarmed
rCold   + . .        (no shield)
rNeg    . . .        (helmet currently unavailable)
rPois   .            (no amulet)
rElec   .            l - ring "Zixakkodwi" {Int+2 Slay+2 SInv}
rCorr   .            r - ring of protection from cold
SInv    +            (no ring)
Will    .....        (no ring)
Stlth   +++          (no ring)
HPRegen 0.27/turn    (no ring)
MPRegen 0.10/turn    (no ring)
                     (no ring)

%: no passive effects
@: beast-form
A: beast (slay +2), almost no armour, amphibious, 8 rings, camouflage 1,
gelatinous body 1, (nimble swimmer 1), tentacles
a: Begin Untransformation


You were on level 5 of the Dungeon.
You were a hulking beast.
You visited 1 branch of the dungeon, and saw 5 of its levels.

You collected 309 gold pieces.
You spent 15 gold pieces at shops.

Inventory:

Missiles
 q - 5 curare-tipped darts
Jewellery
 l - the ring "Zixakkodwi" (left tentacle) {Int+2 Slay+2 SInv}
   (You acquired it on level 5 of the Dungeon)

   [ring of see invisible]

   Int:       It affects your intelligence (+2).
   Slay:      It affects your accuracy & damage with ranged weapons and melee
   (+2).
   SInv:      It lets you see invisible.
 r - a ring of protection from cold (right tentacle)
Talismans
 b - a beast talisman
 s - a serpent talisman
Wands
 k - a wand of digging (4)
Scrolls
 c - a scroll of enchant armour
 d - a scroll of blinking {unknown}
 f - a scroll of vulnerability {unknown}
 g - a scroll of fear {unknown}
 i - a scroll of immolation {unknown}
 m - a scroll of fog {unknown}
 p - a scroll of teleportation {unknown}
 t - a scroll of amnesia {unknown}
Potions
 a - a potion of lignification
 e - a potion of cancellation
 h - a potion of might
 j - 2 potions of resistance
 n - 2 potions of enlightenment
 o - a potion of mutation


   Skills:
 + Level 2.8 Fighting
 - Level 2.0 Dodging
 + Level 3.7 Stealth
 * Level 5.0 Unarmed Combat
 * Level 4.2 Poison Magic
 + Level 3.7 Shapeshifting


You had 5 spell levels left.
You knew the following spells:

 Your Spells              Type           Power      Damage    Failure   Level
a - Sting                 Tmut/Pois      24%        1d4       12%         1

Your spell library contained the following spells:

 Spells                   Type           Power      Damage    Failure   Level
 Poisonous Vapours        Pois/Air       12%        N/A       17%         2
 Magic Dart               Conj           0%         1d3       26%         1
 Summon Small Mammal      Summ           0%         N/A       26%         1
 Call Imp                 Summ           0%         N/A       38%         2
 Mephitic Cloud           Conj/Pois/Air  4%         N/A       43%         3
 Olgreb's Toxic Radiance  Pois           12%        N/A       43%         4
 Call Canine Familiar     Summ           0%         N/A       63%         3
 Summon Guardian Golem    Hex/Summ       0%         N/A       63%         3


Dungeon Overview and Level Annotations

Branches:
Dungeon (5/15)
 Temple: D:4-7

Altars:
Elyvilon
Makhleb

Shops:
D:5 !


Innate Abilities, Weirdness & Mutations

You are a hulking beast.
Your limbs bulge with bestial killing power. (Slay +2)
You cannot wear most types of armour.
You are amphibious.
You can wear up to eight rings at the same time.
Your skin changes colour to match your surroundings (Stealth+).
Your rubbery body absorbs attacks. (AC +1, EV +1)
((You are camouflaged when in or above water. (Stealth+)))
You have tentacles for arms and can constrict up to eight enemies at once.


Message History

Found an escape hatch in the floor.
There is an escape hatch in the floor here.
You now have 294 gold pieces (gained 9).
There is a stone staircase leading up here.
You can't see any susceptible monsters within range! (Use Z to cast anyway.)
You throw a curare-tipped dart. The curare-tipped dart hits the troll.
The troll is poisoned.
The troll convulses.
The troll seems to slow down.
The troll shouts!
The troll is moderately wounded.
You can't see any susceptible monsters within range! (Use Z to cast anyway.)
You can't see any susceptible monsters within range! (Use Z to cast anyway.)
The sting hits the troll.
The troll looks even sicker.
The troll is heavily wounded.
The sting misses the troll.
Aiming: Sting (safe; 12% risk of failure)
Press: ? - help, Q - select action, (/) - cycle Shift-Dir - straight line, f - you, p - troll That beam is likely to hit you.
Continue anyway?
Okay, then.
Unknown command.
Aiming: Sting (safe; 12% risk of failure)
Press: ? - help, Q - select action, (/) - cycle Shift-Dir - straight line, f - troll
Aim: a troll (severely wounded, very poisoned, 68% to hit)
The sting hits the troll.
The troll looks even sicker.
The troll is severely wounded.
Unknown command.
Aiming: Sting (safe; 12% risk of failure)
Press: ? - help, Q - select action, (/) - cycle Shift-Dir - straight line, f/p - troll
Aim: a troll (severely wounded, very poisoned, 68% to hit)
The sting hits the troll but does no damage.
The troll looks as sick as possible!
The troll is severely wounded.
You tentacle-slap the troll.
The troll is almost dead.
The troll closely misses you. The troll claws you! The troll claws you.
You tentacle-slap the troll.
The troll is almost dead.
The troll bites you! The troll claws you.
* * * LOW HITPOINT WARNING * * *
The troll claws you!
You die...

#.#.# ##.#.#########
########.........)..##########
#..........<..#####.#.........
#.###########.# #.#.########
#.###.......#.# #.#.#.. ..
#.##......#.#.# #)#.#.# #.
#.##.(....#.#.#####.#.#.# #.
#.##......#.(h...<#.#.#.# #.
#.###.#####..T#####.#.#.# #.
#.# #.# #...# #.#.#.# #. #.#
#.# ##...#####.#.#<#####. #.#
#.# #>.....T....(..(..... #.#
#.# #..........#......... #.#
#.# #.#..############.... #.#
#.# #.#........(......... #.#
#.# #.#.#############....


You could see a troll (extremely poisoned).

Vanquished Creatures
  An ogre (D:5)
  2 scorpions
  2 sleepcaps
  2 orc wizards
  4 gnolls (D:4)
  5 adders
  An ufetubus (D:5)
  3 worms
  4 dart slugs
  10 orcs
  3 bats
  5 endoplasms
  6 giant cockroaches
  6 goblins
  8 hobgoblins
  7 jackals
  4 quokkas
  11 ball pythons
  8 frilled lizards
  5 kobolds
  8 rats
105 creatures vanquished.

Notes
Turn   | Place    | Note
-------+----------+-------------------------------------------
     0 | D:1      | LustLizard the Octopode Shapeshifter began the quest for
                  | the Orb.
     0 | D:1      | Reached XP level 1. HP: 13/13 MP: 1/1
   162 | D:1      | Reached XP level 2. HP: 17/18 MP: 2/2
   235 | D:1      | Learned a level 1 spell: Sting
   241 | D:1      | Reached skill level 1 in Stealth
   848 | D:2      | Reached XP level 3. HP: 23/23 MP: 3/3
   919 | D:2      | Reached skill level 1 in Poison Magic
  1349 | D:2      | Reached XP level 4. HP: 28/28 MP: 0/4
  2250 | D:3      | Reached skill level 4 in Unarmed Combat
  2250 | D:3      | Reached XP level 5. HP: 27/34 MP: 0/5
  2569 | D:3      | Found a white marble altar of Elyvilon.
  2857 | D:4      | Identified a scroll of acquirement
  3535 | D:4      | Reached XP level 6. HP: 37/39 MP: 1/6
  3612 | D:4      | Found a burning altar of Makhleb.
  3796 | D:5      | Entered Level 5 of the Dungeon
  3797 | D:5      | Acquired the ring "Zixakkodwi" {Int+2 Slay+2 SInv}
  4127 | D:5      | Noticed a troll
  4305 | D:5      | Reached skill level 5 in Unarmed Combat
  4305 | D:5      | Reached XP level 7. HP: 45/45 MP: 3/7
  4381 | D:5      | Found Jadot's Distillery.
  4389 | D:5      | Bought a potion of degeneration for 15 gold pieces
  4657 | D:5      | Slain by a troll

Illustrated notes

Levels and vault maps discovered:
D:1:      lightli_molten_gateway, layout_basic
D:2:      layout_rooms, chequers_serial_rivers_micro_c, nrook_mini_vaults
D:3:      layout_loops_corners, nicolae_elyvilon_temple_path,
          chequers_serial_rivers_micro_e, minivault_11, minmay_strange_pillars,
          grunt_ministairs_8, fountainhead, serial_bayou_pond_e, nicolae_titane
D:4:      layout_cave_pods, mainiacjoe_overflow_brackets
D:5:      layout_basic, serial_shops, shop

Skill      XL: |  1  2  3  4  5  6 |
---------------+-------------------+-----
Stealth        | 1 2 3 |  3.7
Poison Magic   | 1 2 3 4 |  4.2
Unarmed Combat | 4 5 |  5.0
Fighting       | 2 |  2.8
Dodging        | |  2.0
Shapeshifting  | |  3.7

Action                     |  1- 3 |  4- 6 |  7- 9 || total
---------------------------+-------+-------+-------++-------
  Melee: Unarmed           |    61 |    93 |     7 ||   161
         Constrict         |    18 |    24 |     2 ||    44
         Punch             |     3 |     6 |     1 ||    10
         Tentacles         |     5 |    21 |     1 ||    27
  Throw: Dart              |       |       |     1 ||     1
   Cast: Sting             |    15 |    58 |     5 ||    78
    Use: Scroll            |       |     8 |     1 ||     9
   Stab: Sleeping          |     6 |     3 |       ||     9
 Armour: Skin              |     3 |    10 |       ||    13
  Dodge: Dodged            |    30 |    63 |     3 ||    96

Table legend: (Time is in decaauts)
 A = Elapsed time spent in this place.
 B = Non-inter-level travel time spent in this place.
 C = Inter-level travel time spent in this place.
 D = Time resting spent in this place.
 E = Time spent auto-exploring this place.
 F = Levels seen in this place.
 G = Mean time per level.
                   A        B        C        D        E       F      G
               +--------+--------+--------+--------+--------+-----+--------+
         Total |   4645 |   4479 |    166 |    224 |   3374 |   5 |  929.0 |
       Dungeon |   4645 |   4479 |    166 |    224 |   3374 |   5 |  929.0 |
               +--------+--------+--------+--------+--------+-----+--------+

Top non-repeatable levels by time:
     D:3: 1163 daAuts
     D:4: 1029 daAuts
     D:1: 826 daAuts
     D:5: 818 daAuts
     D:2: 808 daAuts
